 Dungeon Crawl Stone Soup version 0.19.0-2-gae57169 (webtiles) character file.

10821 Monsterracer the Cleaver (level 11, -1/102 HPs)
             Began as a Minotaur Monk on Nov 6, 2016.
             Was a Priest of Uskayaw.
             Slain by a ten-headed hydra (7 damage)
             ... on level 11 of the Dungeon.
             The game lasted 00:32:26 (9753 turns).

Monsterracer the Cleaver (Minotaur Monk)            Turns: 9753, Time: 00:32:27

Health: -1/102     AC: 10    Str: 24    XL:     11   Next: 41%
Magic:  10/10      EV: 14    Int:  9    God:    Uskayaw [***...]
Gold:   647        SH:  3    Dex: 18    Spells: 3 memorised, 5 levels left

rFire  x . .     SeeInvis .     s - +5 war axe "Zepoa" {chop, +Fly rF- Str+7 Dex+3}
rCold  . . .     Gourm    .     h - +0 ring mail
rNeg   . . .     Faith    .     (no shield)
rPois  .         Spirit   .     (helmet unavailable)
rElec  .         Reflect  +     (no cloak)
rCorr  .         Harm     .     A - +0 pair of gloves
MR     .....     Rnd*Rage +     E - +0 pair of boots
Stlth  +.........               z - +3 amulet of reflection
                                (no ring)
                                t - ring of flight

@: no status effects
A: retaliatory headbutt, claws 1, horns 3, berserk 1, clever 1
a: Stomp, Line Pass, Renounce Religion, Evoke Flight


You were on level 11 of the Dungeon.
You worshipped Uskayaw.
Uskayaw was noncommittal.
You were not hungry.

You visited 1 branch of the dungeon, and saw 11 of its levels.

You collected 647 gold pieces.

Inventory:

Hand Weapons
 i - a +2 battleaxe of freezing
 s - the +5 war axe "Zepoa" (weapon) {chop, +Fly rF- Str+7 Dex+3}
   (You found it on level 4 of the Dungeon)

   It inflicts extra damage upon your enemies.
   It affects your strength (+7).
   It affects your dexterity (+3).
   It makes you vulnerable to fire.
   It lets you fly.
Armour
 h - a +0 ring mail (worn)
 A - a +0 pair of gloves (worn)
 E - a +0 pair of boots (worn)
Jewellery
 t - a ring of flight (left hand)
 z - a +3 amulet of reflection (around neck)
Wands
 F - a wand of paralysis (8/24)
 J - a wand of flame (22/48)
Scrolls
 b - 3 scrolls of enchant weapon
 d - 3 scrolls of amnesia
 e - 12 scrolls of identify
 f - 2 scrolls of magic mapping
 j - 6 scrolls of remove curse {unknown}
 k - 2 scrolls of noise {unknown}
 l - a scroll of fog {unknown}
 o - a scroll of enchant armour {unknown}
 r - 4 scrolls of random uselessness {unknown}
 x - a scroll of fear {unknown}
 y - 4 scrolls of teleportation {unknown}
 B - a scroll of acquirement {unknown}
 C - 3 scrolls of recharging {unknown}
 G - 3 scrolls of immolation {unknown}
Potions
 a - a potion of agility
 n - a potion of might
 p - a potion of flight
 q - 9 potions of curing
 u - 3 potions of invisibility
 I - a potion of brilliance
Comestibles
 c - 10 bread rations
 g - 4 meat rations
 m - 8 fruits
 v - 2 beef jerkies
 w - a royal jelly


   Skills:
 + Level 11.4 Fighting
 + Level 14.7 Axes
 + Level 10.5 Armour
 + Level 4.0 Dodging
 - Level 1.5 Stealth
 + Level 0.1 Spellcasting
 + Level 0.1 Summonings


You had 5 spell levels left.
You knew the following spells:

 Your Spells              Type           Power        Failure   Level  Hunger
a - Repel Missiles        Chrm/Air       #.....       83%         2    ###....
b - Summon Butterflies    Summ           #.......     61%         1    ##.....
c - Blink                 Tloc           N/A          83%         2    ###....


Dungeon Overview and Level Annotations

Branches:
Dungeon (11/15)            Temple (0/1) D:7            Lair (0/6) D:11
    Orc: D:9-12

Altars:
Dithmenos
Fedhas
Gozag
Hepliaklqana
Kikubaaqudgha
Nemelex Xobeh
Okawaru
Qazlal
Uskayaw
Vehumet
Zin

Shops:
D:4 !


Innate Abilities, Weirdness & Mutations

You reflexively headbutt those who attack you in melee.
You have a pair of large horns on your head.
You have sharp fingernails.
You tend to lose your temper in combat.
Your mind is acute. (Int +2)


Message History

You block the nine-headed hydra's attack.
The nine-headed hydra barely misses you.
The nine-headed hydra bites you.
* * * LOW HITPOINT WARNING * * *
The nine-headed hydra bites you!
* * * LOW HITPOINT WARNING * * *
The nine-headed hydra barely misses you.
The nine-headed hydra bites you.
* * * LOW HITPOINT WARNING * * *
Uskayaw will force your foes to helplessly watch your dance.
Uskayaw prepares the audience for your solo!
The helpless nine-headed hydra fails to defend itself.
You slice one of the nine-headed hydra's heads off!
The eight-headed hydra grows two more!
You slash the ten-headed hydra!
The ten-headed hydra is moderately wounded.
The ten-headed hydra is no longer paralysed.
The ten-headed hydra barely misses you. The ten-headed hydra bites you!
* * * LOW HITPOINT WARNING * * *
The ten-headed hydra bites you!
You die...

...>..........<.......
.##.###.###...........
....###.#########.....
................######
#######.#######. # #.#
# #.# ##
#########.#######. ##.
......D@.......... ...
........##.######.
##P. .######.##.# #..♣
#.##.# #... #.##.# ..P
#.##.# ... #.##.# ..♣
#.##.# ... ..


You could see a ten-headed hydra.

Vanquished Creatures
  Harold (D:10)
  Pikel (D:9)
  2 ugly things
  A cyclops (D:11)
  Joseph (D:8)
  A troll (D:9)
  A merfolk (D:10)
  A polar bear (D:8)
  A shadow (D:11)
  2 vampires
  13 yaks
  A wyvern (D:9)
  A basilisk (D:11)
  A hungry ghost (D:7)
  A water moccasin (D:7)
  5 porcupines (D:11)
  4 orc warriors
  3 ice beasts
  3 sky beasts
  A black bear (D:7)
  4 slaves (D:9)
  3 ogres
  The ghost of Philosophy the Shooter, an amateur CeHu (D:3)
  A centaur (D:5)
  A wolf (D:8)
  A crocodile (D:11)
  8 bullfrogs
  4 killer bees (D:10)
  2 electric eels (D:8)
  2 howler monkeys
  4 crimson imps
  2 jellies
  2 centaur skeletons (D:11)
  6 orc priests
  6 hounds
  12 iguanas
  Natasha (twice) (D:2)
  10 orc wizards
  9 worker ants
  A centaur simulacrum (D:8)
  2 killer bee simulacra (D:8)
  3 worker ant zombies
  8 gnolls
  11 adders
  A howler monkey skeleton (D:5)
  2 river rats (D:11)
  A shadow imp (D:11)
  A white imp (D:8)
  2 ufetubi (D:8)
  3 oozes
  2 adder skeletons
  A worm (D:3)
  A dart slug (D:2)
  4 leopard geckos
  24 orcs
  2 ball pythons
  5 giant cockroaches
  3 goblins
  7 hobgoblins
  10 kobolds
  7 quokkas
  6 bats
  3 frilled lizards
  A leopard gecko skeleton (D:5)
  A leopard gecko zombie (D:8)
  4 rats
241 creatures vanquished.

Notes
Turn   | Place    | Note
-------+----------+-------------------------------------------
     0 | D:1      | Monsterracer the Minotaur Monk began the quest for the Orb.
     0 | D:1      | Reached XP level 1. HP: 19/19 MP: 0/0
   154 | D:1      | Reached skill level 4 in Axes
   154 | D:1      | Reached XP level 2. HP: 27/27 MP: 1/1
   512 | D:1      | Reached skill level 1 in Armour
   690 | D:1      | Gained mutation: You have sharp fingernails. [potion of beneficial mutation]
   965 | D:2      | Reached XP level 3. HP: 33/33 MP: 2/2
  1234 | D:2      | Noticed Natasha
  1242 | D:2      | Killed Natasha
  1364 | D:2      | Reached XP level 4. HP: 30/40 MP: 3/3
  1377 | D:2      | Noticed Natasha
  1391 | D:2      | Killed Natasha
  1653 | D:3      | Reached skill level 5 in Axes
  1962 | D:3      | Noticed Philosophy's ghost (amateur CeHu)
  1974 | D:3      | Reached XP level 5. HP: 24/47 MP: 4/4
  1977 | D:3      | Killed Philosophy's ghost
  2058 | D:3      | Found a sparkling altar of Nemelex Xobeh.
  2512 | D:4      | Reached skill level 6 in Axes
  2519 | D:4      | Reached skill level 5 in Fighting
  2519 | D:4      | Reached XP level 6. HP: 28/56 MP: 5/5
  2539 | D:4      | Found an iron altar of Okawaru.
  2893 | D:4      | Found a glowing silver altar of Zin.
  2961 | D:4      | Got a crystal war axe
  3147 | D:4      | Identified the +5 war axe "Zepoa" {chop, +Fly rF- Str+7 Dex+3} (You found it on level 4 of the Dungeon)
  3240 | D:4      | Found a stormy altar of Qazlal.
  3245 | D:4      | Noticed an ice beast
  3251 | D:4      | Killed an ice beast
  3491 | D:4      | Found Wucho's Distillery.
  3537 | D:4      | Reached skill level 7 in Axes
  3537 | D:4      | Reached XP level 7. HP: 62/62 MP: 6/6
  3656 | D:5      | Entered Level 5 of the Dungeon
  4303 | D:6      | Reached skill level 8 in Axes
  4322 | D:6      | Found an opulent altar of Gozag.
  4423 | D:6      | Found a shadowy altar of Dithmenos.
  4519 | D:6      | Reached skill level 5 in Armour
  4643 | D:6      | Reached XP level 8. HP: 59/71 MP: 7/7
  4722 | D:6      | Found a hide-covered altar of Uskayaw.
  4731 | D:6      | Became a worshipper of Uskayaw the Reveler
  4731 | D:6      | Reached * piety under Uskayaw
  4760 | D:6      | Reached ** piety under Uskayaw
  4763 | D:6      | Reached *** piety under Uskayaw
  4778 | D:6      | Reached skill level 9 in Axes
  5374 | D:7      | Found a staircase to the Ecumenical Temple.
  5435 | D:7      | Reached **** piety under Uskayaw
  5436 | D:7      | Reached skill level 10 in Axes
  5444 | D:7      | HP: 3/74 [poisoned by a water moccasin]
  5446 | D:7      | HP: 1/74 [poisoned by a water moccasin]
  5778 | D:7      | Reached XP level 9. HP: 81/81 MP: 8/8
  5828 | D:7      | Found an ancient bone altar of Kikubaaqudgha.
  5866 | D:7      | Found a radiant altar of Vehumet.
  6160 | D:8      | Reached skill level 11 in Axes
  6291 | D:8      | Found a sparkling altar of Nemelex Xobeh.
  6430 | D:8      | Noticed a polar bear
  6437 | D:8      | Killed a polar bear
  6453 | D:8      | Reached ***** piety under Uskayaw
  7002 | D:8      | Noticed Joseph
  7011 | D:8      | Killed Joseph
  7011 | D:8      | Reached skill level 12 in Axes
  7047 | D:8      | Gained mutation: You tend to lose your temper in combat. [potion of mutation]
  7047 | D:8      | Gained mutation: You have a pair of large horns on your head. [potion of mutation]
  7056 | D:8      | Gained mutation: Your mind is acute. (Int +2) [potion of beneficial mutation]
  7137 | D:9      | Found a hazy altar of Hepliaklqana.
  7181 | D:9      | Noticed a troll
  7188 | D:9      | Killed a troll
  7188 | D:9      | Reached XP level 10. HP: 73/91 MP: 9/9
  7343 | D:9      | Noticed Pikel
  7352 | D:9      | Killed Pikel
  7464 | D:9      | Learned a level 2 spell: Repel Missiles
  7511 | D:9      | Reached skill level 13 in Axes
  7518 | D:9      | Found a blossoming altar of Fedhas.
  7547 | D:9      | Reached skill level 10 in Fighting
  8014 | D:10     | Entered Level 10 of the Dungeon
  8178 | D:10     | Noticed Harold
  8184 | D:10     | Killed Harold
  8677 | D:10     | Learned a level 1 spell: Summon Butterflies
  8734 | D:9      | Learned a level 2 spell: Repel Missiles
  8737 | D:9      | Learned a level 2 spell: Blink
  9065 | D:10     | Noticed a purple ugly thing
  9073 | D:10     | Killed a purple ugly thing
  9360 | D:11     | Noticed a cyclops
  9363 | D:11     | Reached skill level 14 in Axes
  9367 | D:11     | Reached XP level 11. HP: 76/101 MP: 10/10
  9376 | D:11     | Reached skill level 10 in Armour
  9376 | D:11     | Reached ****** piety under Uskayaw
  9606 | D:11     | Noticed a red ugly thing
  9616 | D:11     | Killed a red ugly thing
  9648 | D:11     | Found a staircase to the Lair.
  9742 | D:11     | Noticed a four-headed hydra
  9753 | D:11     | Slain by a ten-headed hydra

Skill      XL: |  1  2  3  4  5  6  7  8  9 10 11 |
---------------+----------------------------------+-----
Axes           | 4 5 6 7 8 10 12 14 | 14.7
Armour         | 1 2 4 5 6 8 9 10 | 10.5
Fighting       | 4 5 6 8 9 10 11 | 11.4
Dodging        | 4 |  4.0
Stealth        | |  1.5
Spellcasting   | |  0.1
Summonings     | |  0.1

Action                   |  1- 3 |  4- 6 |  7- 9 | 10-12 || total
-------------------------+-------+-------+-------+-------++-------
Melee: Hand axe          |    56 |   126 |       |       ||   182
       Headbutt          |     8 |    28 |    44 |    45 ||   125
       War axe           |       |    17 |   149 |   159 ||   325
Invok: Stomp             |       |       |     3 |     1 ||     4
Evoke: Wand              |       |       |       |     1 ||     1
  Use: Potion            |     5 |     5 |     6 |       ||    16
       Scroll            |       |       |     1 |     6 ||     7
 Stab: Paralysed         |       |       |     4 |    21 ||    25
  Eat: Chunk             |     1 |     7 |    14 |     8 ||    30
       Fruit             |       |       |     1 |       ||     1
Armor: Robe              |     1 |       |       |       ||     1
       Scale mail        |    24 |    54 |    59 |       ||   137
       Plate armour      |       |       |       |    57 ||    57
       Ring mail         |       |       |       |     7 ||     7
Dodge: Dodged            |    26 |    89 |    92 |    60 ||   267
Block: Other             |       |       |     7 |    17 ||    24
       Reflection        |       |       |       |     1 ||     1
